 Dungeon Crawl Stone Soup version 0.21-a0-507-ga8f6b7a (webtiles) character file.

58 DogShitOnMyToe the Changer (level 4, -6/38 HPs)
             Began as a Naga Transmuter on Nov 27, 2017.
             Was an Initiate of Cheibriados.
             Mangled by an iguana (7 damage)
             ... on level 2 of the Dungeon.
             The game lasted 00:04:07 (2137 turns).

DogShitOnMyToe the Changer (Naga Transmuter)        Turns: 2137, Time: 00:04:08

Health: -6/38      AC:  2    Str: 13    XL:     4   Next: 2%
Magic:  6/7        EV: 10    Int: 16    God:    Cheibriados [......]
Gold:   34         SH:  0    Dex: 12    Spells: 6/7 levels left

rFire    . . .     SeeInvis +     - Unarmed
rCold    . . .     Gourm    .   (no shield)
rNeg     . . .     Faith    .   b - +0 robe
rPois    +         Spirit   .   (no helmet)
rElec    .         Reflect  .   (no cloak)
rCorr    .         Harm     .   (no gloves)
MR       .....                  (no barding)
Stlth    +.........             (no amulet)
HPRegen  0.12/turn              (no ring)
MPRegen  0.10/turn              (no ring)

@: appendage, very slow
A: large, horns 2, see invisible, deformed body, poison resistance, slowness 2,
slow metabolism 1, spit poison 1, AC +1
a: Spit Poison, End Transformation, Bend Time, Renounce Religion


You were on level 2 of the Dungeon.
You worshipped Cheibriados.
Cheibriados was noncommittal.
You were not hungry.
You had grown temporary horns.
You visited 1 branch of the dungeon, and saw 2 of its levels.

You collected 34 gold pieces.

Inventory:

Missiles
 a - 12 arrows
Armour
 b - a +0 robe (worn)
Scrolls
 f - a scroll of remove curse {unknown}
 g - a scroll of blinking {unknown}
 h - 2 scrolls of amnesia {unknown}
 j - a scroll of enchant weapon {unknown}
 l - a scroll of fog {unknown}
 m - a scroll of teleportation {unknown}
Potions
 e - a potion of agility {unknown}
 k - a potion of curing {unknown}
Books
 c - a book of Changes

   Spells                             Type                      Level
   a - Beastly Appendage              Transmutation                1
   b - Sticks to Snakes               Transmutation                2
   c - Spider Form                    Transmutation/Poison         3
   d - Ice Form                       Ice/Transmutation            4
   e - Blade Hands                    Transmutation                5
Comestibles
 d - a bread ration
 i - 3 meat rations


   Skills:
 - Level 1.0 Fighting
 - Level 1.5 Dodging
 - Level 3.0 Unarmed Combat
 - Level 2.0 Spellcasting
 + Level 4.2 Transmutations


You had 6 spell levels left.
You knew the following spells:

 Your Spells              Type           Power        Failure   Level  Hunger
a - Beastly Appendage     Tmut           ###...       3%          1    #......


Dungeon Overview and Level Annotations

Branches:
Dungeon (2/15)

Altars:
Cheibriados


Innate Abilities, Weirdness & Mutations

You cannot wear boots.
Your serpentine skin is tough. (AC +1)
You have supernaturally acute eyesight. (SInv)
Armour fits poorly on your strangely shaped body.
Your system is resistant to poisons. (rPois)
You cover ground very slowly.
You have a slow metabolism.
You can spit poison.
You have a pair of horns on your head.


Message History

You closely miss the adder.
The adder is almost dead.
You kill the adder!
Cheibriados thoroughly appreciates the change of pace.
You have reached level 4!
You feel clever. The iguana bites you.
* * * LOW HITPOINT WARNING * * *
You hit the iguana.
The iguana is lightly wounded.
You have got your breath back.
The iguana barely misses you.
You hit the iguana.
The iguana is moderately wounded.
The iguana bites you!
* * * LOW HITPOINT WARNING * * *
You barely miss the iguana.
The iguana is moderately wounded.
The iguana bites you!
You die...

...8....!..8....#.
.................#
..8.........8.....
........†.........
...8.......8......
[........)........
................?.
#####...########..
##...†l@..# # ###
#.######.#
..#########.# # .
..........#
#.###.####..# #.#
#.####..# #.#
#.......# #.#
######..# #.# #..#


You could see an iguana.

Vanquished Creatures
  2 adders (D:2)
  An ooze (D:1)
  A dart slug (D:2)
  2 leopard geckos
  A giant cockroach (D:2)
  5 goblins (D:1)
  4 hobgoblins (D:1)
  2 jackals (D:1)
  3 bats (D:1)
  A frilled lizard (D:1)
  5 kobolds (D:1)
  3 rats (D:1)
30 creatures vanquished.

Notes
Turn   | Place    | Note
-------+----------+-------------------------------------------
     0 | D:1      | DogShitOnMyToe the Naga Transmuter began the quest for the Orb.
     0 | D:1      | Reached XP level 1. HP: 18/18 MP: 3/3
   307 | D:1      | Reached XP level 2. HP: 18/25 MP: 3/5
   700 | D:1      | Reached skill level 3 in Transmutations
   705 | D:1      | HP: 12/25 [leopard gecko (3)]
  1009 | D:1      | HP: 12/25 [jackal (2)]
  1015 | D:1      | HP: 8/25 [jackal (3)]
  1023 | D:1      | HP: 3/25 [jackal (2)]
  1534 | D:1      | Reached XP level 3. HP: 30/31 MP: 4/6
  1896 | D:2      | Found a snail-covered altar of Cheibriados.
  2003 | D:2      | Became a worshipper of Cheibriados the Contemplative
  2114 | D:2      | Reached skill level 4 in Transmutations
  2131 | D:2      | HP: 12/31 [adder (4)]
  2133 | D:2      | Reached XP level 4. HP: 15/38 MP: 5/7
  2136 | D:2      | HP: 1/38 [iguana (12)]
  2137 | D:2      | Mangled by an iguana

Vault maps used:
D:1:      minmay_arrival_diagonal_passages, minmay_hexomino_f4
D:2:      wad_pebble_path, gammafunk_temple_overflow_forgotten,
          kennysheep_slug_shrine, first_bread

Skill      XL: |  1  2  3 |
---------------+----------+-----
Transmutations | 3 4 |  4.2
Fighting       | |  1.0
Dodging        | |  1.5
Unarmed Combat | |  3.0
Spellcasting   | |  2.0

Action                   |  1- 3 |  4- 6 || total
-------------------------+-------+-------++-------
Melee: Unarmed           |   134 |     3 ||   137
       Headbutt          |    11 |       ||    11
 Cast: Beastly Appendage |    24 |       ||    24
 Abil: Spit Poison       |     1 |       ||     1
  Eat: Chunk             |     3 |       ||     3
Armor: Robe              |    39 |       ||    39
Dodge: Dodged            |    90 |     1 ||    91

Table legend:
 A = Spawn XP
 B = Non-spawn XP
 C = Spawn XP percentage of total XP
 D = Spawn monster count
 E = Non-spawn monster count
 F = Spawn count percentage of total count
 G = Total turns spent on level
                    A         B        C        D         E        F      G
               +---------+---------+-------+---------+---------+-------+---------
         Total |       0 |      84 |   0.0 |       0 |      30 |   0.0 |  2137
               +---------+---------+-------+---------+---------+-------+---------
           D:1 |       0 |      49 |   0.0 |       0 |      25 |   0.0 |  1859
           D:2 |       0 |      35 |   0.0 |       0 |       5 |   0.0 |   278
               +---------+---------+-------+---------+---------+-------+---------
